 Dungeon Crawl Stone Soup version 0.30.0-19-g36f170ea60 (webtiles) character file.

Game seed: 14411805104267201033

118 GimliDwarf the Grave Robber (level 4, 0/24 HPs)
             Began as a Deep Elf Necromancer on June 1, 2023.
             Slain by an ufetubus (3 damage)
             ... on level 4 of the Dungeon.
             The game lasted 00:10:25 (3282 turns).

GimliDwarf the Grave Robber (Deep Elf Necromancer)  Turns: 3282, Time: 00:10:26

Health: 0/24       AC:  3    Str:  5    XL:     4   Next: 72%
Magic:  12/12      EV: 13    Int: 22    God:
Gold:   176        SH:  0    Dex: 15    Spells: 2/11 levels left

rFire   . . .        o - +0 short sword
rCold   + . .        (no shield)
rNeg    . . .        a - +0 robe
rPois   .            (no helmet)
rElec   .            (no cloak)
rCorr   .            h - +0 pair of gloves
SInv    .            (no boots)
Will    .....        (no amulet)
Stlth   ++           c - ring of protection from cold
HPRegen 0.24/turn    (no ring)
MPRegen 0.13/turn

%: no passive effects
@: no status effects
A: no striking features
a: no special abilities


You were on level 4 of the Dungeon.
You visited 1 branch of the dungeon, and saw 4 of its levels.

You collected 176 gold pieces.

Inventory:

Hand Weapons
 o - a +0 short sword (weapon)
 s - a +0 shortbow
Armour
 a - a +0 robe (worn)
 h - a +0 pair of gloves (worn)
Magical Staves
 e - a staff of poison
Jewellery
 c - a ring of protection from cold (left hand)
 g - an amulet of guardian spirit
Wands
 v - a wand of roots (4)
Scrolls
 m - 3 scrolls of fear {unknown}
 q - a scroll of enchant weapon {unknown}
 u - a scroll of magic mapping {unknown}
Potions
 b - a potion of magic
 d - a potion of heal wounds {unknown}
 f - 2 potions of lignification
 i - a potion of curing {unknown}
 j - a potion of ambrosia {unknown}
 k - a potion of haste {unknown}
 l - a potion of invisibility
 n - a potion of berserk rage {unknown}
 p - 2 potions of brilliance
 r - a potion of degeneration {unknown}
 t - a potion of attraction {unknown}


   Skills:
 + Level 3.3 Dodging
 * Level 3.4 Stealth
 + Level 4.0 Spellcasting
 * Level 1.4 Hexes
 + Level 5.9 Necromancy


You had 2 spell levels left.
You knew the following spells:

 Your Spells              Type           Power      Damage    Failure   Level
a - Necrotise             Necr           100%       1d9       1%          1
b - Slow                  Hex            40%        N/A       6%          1
c - Vampiric Draining     Necr           30%        2d8       3%          3
d - Animate Dead          Necr           30%        N/A       10%         4

Your spell library contained the following spells:

 Spells                   Type           Power      Damage    Failure   Level
 Confusing Touch          Hex            10%        N/A       19%         3
 Agony                    Necr           30%        N/A       26%         5


Dungeon Overview and Level Annotations

Branches:
Dungeon (4/15)
 Temple: D:4-7

Altars:
Elyvilon
Sif Muna


Message History

You closely miss the ufetubus.
The ufetubus is heavily wounded.
The ufetubus completely misses you. The ufetubus hits you.
Your kobold skeleton barely misses the ufetubus.
You closely miss the ufetubus.
The ufetubus is heavily wounded.
The ufetubus closely misses you. The ufetubus hits you.
The ufetubus barely misses you. The ufetubus hits you.
You completely miss the ufetubus.
The ufetubus is heavily wounded.
Your kobold skeleton barely misses the ufetubus.
The ufetubus hits you but does no damage.
The ufetubus hits you.
* * * LOW HITPOINT WARNING * * *
Your kobold skeleton crumbles into dust!
The ufetubus hits you.
* * * LOW HITPOINT WARNING * * *
The ufetubus misses you.
A ball python comes into view.
The ufetubus attacks as you move away! The ufetubus hits you.
* * * LOW HITPOINT WARNING * * *
The ufetubus barely misses you.
The ball python hisses angrily.
The ufetubus barely misses you.
The ufetubus hits you but does no damage.
The ball python closely misses you. x2
The ball python barely misses you. The ball python grabs you.
The ball python constricts you. The ufetubus closely misses you.
The ufetubus barely misses you.
The ball python's grasp on you weakens, but your attempt to escape fails.
The ufetubus hits you.
* * * LOW HITPOINT WARNING * * *
The ufetubus barely misses you. The ball python closely misses you.
The ball python constricts you.
* * * LOW HITPOINT WARNING * * *
Unknown command.
You escape the ball python's grasp.
The ufetubus barely misses you. The ufetubus closely misses you.
Found a book of Frost.
The ufetubus hits you.
You die...

#..#.#..## #.
##.....## #.
#####..#.#..^#
#.
#.....##.##...#
#. #.#..##...
#...###
#...##.#.#.
#.....
#S.##..#.#..
#..## #5##.#
#.# #. #.#
#@#.# #.# #. .#
#....#. #.# .#
####.# #.# #.#
#.. ..# .:#


You could see an ufetubus and a ball python.

Vanquished Creatures
  A gnoll (D:1)
  3 adders
  4 dart slugs
  2 orcs
  6 ball pythons
  5 bats
  5 endoplasms
  4 giant cockroaches
  6 goblins
  6 hobgoblins
  5 jackals (D:1)
  4 kobolds
  3 quokkas
  4 frilled lizards
  6 rats
64 creatures vanquished.

Vanquished Creatures (collateral kills)
  A ball python (D:2)
  An endoplasm (D:2)
  A jackal (D:1)
3 creatures vanquished.

Grand Total: 67 creatures vanquished

Notes
Turn   | Place    | Note
-------+----------+-------------------------------------------
     0 | D:1      | GimliDwarf the Deep Elf Necromancer began the quest for the
                  | Orb.
     0 | D:1      | Reached XP level 1. HP: 10/10 MP: 6/6
    30 | D:1      | Reached skill level 5 in Necromancy
   153 | D:1      | Reached XP level 2. HP: 15/15 MP: 4/8
   354 | D:1      | Learned a level 1 spell: Slow
   550 | D:1      | Reached XP level 3. HP: 19/19 MP: 5/9
  1241 | D:2      | Reached skill level 1 in Hexes
  1272 | D:2      | Reached XP level 4. HP: 24/24 MP: 7/11
  1397 | D:2      | Learned a level 3 spell: Vampiric Draining
  2413 | D:3      | Found a shimmering blue altar of Sif Muna.
  2856 | D:4      | Learned a level 4 spell: Animate Dead
  2953 | D:4      | Found a white marble altar of Elyvilon.
  3282 | D:4      | Slain by an ufetubus

Illustrated notes

Levels and vault maps discovered:
D:1:      roderic_octagonal_star, layout_basic, supply_closet_lemuel
D:2:      cheibrodos_old_hovel, layout_basic
D:3:      layout_basic, mainiacjoe_overflow_surrounded_room, moated_statue
D:4:      layout_loops_corners, lemuel_crystal_altar,
          lightli_ossuary_entry_decrepit_ruins, minmay_parallelograms,
          uniq_eustachio

Skill      XL: |  1  2  3  4 |
---------------+-------------+-----
Necromancy     | 5 |  5.9
Dodging        | 3 |  3.3
Stealth        | 3 |  3.4
Hexes          | 1 |  1.4
Spellcasting   | 4 |  4.0

Action                     |  1- 3 |  4- 6 || total
---------------------------+-------+-------++-------
  Melee: Short sword       |       |     7 ||     7
   Cast: Necrotise         |    66 |    52 ||   118
    Use: Scroll            |     1 |     3 ||     4
 Armour: Robe              |     2 |     3 ||     5
  Dodge: Dodged            |    20 |    26 ||    46
